 Dungeon Crawl Stone Soup version 0.30-a0-141-g30f27751c5 (webtiles) character file.

Game seed: 4060528034363979491

129 qw the Chopper (level 5, -2/32 HPs)
             Began as a Gargoyle Fighter on Sept 25, 2022.
             Slain by an ogre
             ... wielding a +0 giant club
              (10 damage)
             ... on level 5 of the Dungeon.
             The game lasted 00:01:24 (3702 turns).

qw the Chopper (Gargoyle Fighter)                   Turns: 3702, Time: 00:01:24

Health: -2/32      AC: 19    Str: 26 (27) XL:     5   Next: 12%
Magic:  5/5        EV:  7    Int:  7 (9)  God:
Gold:   267        SH:  4    Dex:  6 (9)  Spells: 4/4 levels left

rFire   . . .      SeeInvis .    Y - +1 war axe
rCold   + . .      Faith    .    c - +0 buckler
rNeg    + . .      Spirit   .    n - +0 chain mail
rPois   inf        Reflect  .    g - +0 helmet
rElec   +          Harm     .    (no cloak)
rCorr   .          Rampage  +    p - +2 pair of gloves
Will    .....                    i - +1 pair of boots {rampage}
Stlth   ..........               (no amulet)
HPRegen 0.10/turn                k - +6 ring of strength
MPRegen 0.09/turn                h - ring of protection from cold

@: no status effects
A: sickness immunity, AC +4, negative energy resistance 1, electricity
resistance, torment resistance 1, petrification resistance
a: no special abilities


You were on level 5 of the Dungeon.
You visited 2 branches of the dungeon, and saw 6 of its levels.

You collected 267 gold pieces.


Innate Abilities, Weirdness & Mutations

You are immune to sickness and miasma.
Your stone body is resilient. (AC +4)
You are immune to poison.
You resist negative energy. (rN+)
You are resistant to electric shocks. (rElec)
You are resistant to unholy torment.
You are immune to petrification.


   Skills:
 - Level 3.2 Fighting
 + Level 4.7 Axes
 - Level 3.2 Armour
 - Level 3.2 Shields


You had 4 spell levels left.
You didn't know any spells.
Your spell library was empty.

Inventory:

Hand Weapons
 f - a +0 flail
 Y - a +1 war axe (weapon)
Armour
 c - a +0 buckler (worn)
 g - a +0 helmet (worn)
 i - a +1 pair of boots of rampaging (worn)
 n - a +0 chain mail (worn)
 p - a +2 pair of gloves (worn)
Jewellery
 h - a ring of protection from cold (right hand)
 j - a ring of willpower
 k - a +6 ring of strength (left hand)
Wands
 a - a wand of digging (9)
Scrolls
 u - a scroll of identify
Potions
 b - 2 potions of resistance
 d - a potion of might
 e - a potion of attraction {unknown}
 l - a potion of cancellation {unknown}
 o - a potion of curing
 q - a potion of heal wounds {unknown}
 r - a potion of flight {unknown}
 w - a potion of mutation {unknown}

Dungeon Overview and Level Annotations

Branches:
Dungeon (5/15)             Temple (1/1) D:4

Altars:
Ashenzari
Cheibriados
Elyvilon
Fedhas
Hepliaklqana
Kikubaaqudgha
Nemelex Xobeh
Qazlal
Sif Muna
Trog
Uskayaw
Vehumet
Wu Jian
Yredelemnul
Zin
The Shining One

Annotations:
D:4 3 runed translucent doors, qw's ghost, amateur GrFi


Message History

An ogre is nearby!
An ogre is nearby!
3687 ||| Stepping randomly (stuck).
An ogre is nearby!
An ogre is nearby!
3689 ||| Stepping randomly (stuck).
An ogre is nearby!
An ogre is nearby!
3690 ||| Stepping randomly (stuck).
An ogre is nearby!
An ogre is nearby!
3691 ||| Stepping randomly (stuck).
An ogre is nearby!
An ogre is nearby!
3692 ||| Stepping randomly (stuck).
An ogre is nearby!
An ogre is nearby!
3693 ||| Stepping randomly (stuck).
An ogre is nearby!
An ogre is nearby!
3694 ||| Stepping randomly (stuck).
An ogre is nearby!
An ogre is nearby!
3695 ||| Stepping randomly (stuck).
An ogre is nearby!
An ogre is nearby!
3696 ||| Stepping randomly (stuck).
An ogre is nearby!
An ogre is nearby!
3697 ||| Stepping randomly (stuck).
You barely miss the ogre. The ogre hits you with a +0 giant club!
Ouch! That really hurt!
You hit the ogre.
The ogre is lightly wounded.
The ogre hits you with a +0 giant club!
You slash the ogre!
The ogre is heavily wounded.
The ogre hits you with a +0 giant club!
You die...

............# #.#
##.##..#####.# #.# #.##..#
#.# #.### #.##..#####.#
#...# #........##.## ###.#
##..##.....# #.#
#######...##.##.## #.#
.............##########.#
###.###'###O@...........#
####.#..!..#.......#######
#....#.....#..#.##.#
#.##.#.._..#..#........
#.#.....#..#........
#.#.....#..#.....##...
#.#######.$#.....# ##
#...........#.......
#.###...###.#........


You could see an ogre.

Vanquished Creatures
  Ijyb (D:3)
  4 adders
  A worm (D:4)
  A dart slug (D:3)
  2 orcs
  3 ball pythons
  6 bats
  6 endoplasms
  2 giant cockroaches
  9 goblins
  7 hobgoblins
  7 kobolds
  2 frilled lizards
  8 rats
59 creatures vanquished.

Notes
Turn   | Place    | Note
-------+----------+-------------------------------------------
     0 | D:1      | qw the Gargoyle Fighter began the quest for the Orb.
     0 | D:1      | Reached XP level 1. HP: 14/14 MP: 1/1
     0 | D:1      | 0 ||| qw: Version: 0.2-a-10-g399e6c4
     0 | D:1      | 0 ||| qw: Game counter: 347
     0 | D:1      | 0 ||| qw: Always use a shield: true
     0 | D:1      | 0 ||| qw: God list: Okawaru
     0 | D:1      | 0 ||| qw: Allow faded altars: false
     0 | D:1      | 0 ||| qw: Do Orc after D:15 true
     0 | D:1      | 0 ||| qw: Do second Lair branch before Depths: true
     0 | D:1      | 0 ||| qw: Lair rune preference: random
     0 | D:1      | 0 ||| qw: Plans: Normal, Zot:1-4, God:TSO, Crypt, Tomb,
                  | Pan, Slime:5, Hells, Abyss, Orb
     0 | D:1      | 0 ||| PLANNING D:1-11
    51 | D:1      | Found a faded altar of an unknown god.
    84 | D:1      | Reached skill level 2 in Axes
   338 | D:1      | Reached XP level 2. HP: 19/19 MP: 2/2
   722 | D:1      | 722 ||| UPGRADING to +0 helmet.
   727 | D:1      | 727 ||| DROPPING +2 leather armour of willpower.
   728 | D:1      | 728 ||| DROPPING ring of magical power.
   729 | D:1      | 729 ||| UPGRADING to ring of protection from cold.
   730 | D:1      | 730 ||| DRINKING 2 fizzy puce potions.
   731 | D:1      | 731 ||| DROPPING potion of magic.
   759 | D:2      | Reached skill level 3 in Axes
   759 | D:2      | Reached XP level 3. HP: 18/23 MP: 3/3
   759 | D:2      | 759 ||| STAIRDANCE
  1251 | D:2      | 1251 ||| UPGRADING to +0 chain mail.
  1261 | D:2      | 1261 ||| DROPPING +0 scale mail.
  1262 | D:2      | 1262 ||| UPGRADING to +2 pair of gloves.
  1267 | D:2      | 1267 ||| UPGRADING to ring of willpower.
  1268 | D:2      | 1268 ||| UPGRADING to +6 ring of strength.
  1270 | D:2      | 1270 ||| UPGRADING to ring of protection from cold.
  1272 | D:2      | 1272 ||| READING scroll labelled PEDOGAIMULL.
  1273 | D:2      | 1273 ||| READING scroll labelled UPSAUTWUA WETIBOST.
  1274 | D:2      | 1274 ||| READING scroll labelled ILEZIPH ONTUB.
  1347 | D:3      | Noticed Ijyb
  1359 | D:3      | Killed Ijyb
  1360 | D:3      | Reached skill level 4 in Axes
  1360 | D:3      | Reached XP level 4. HP: 28/28 MP: 4/4
  1397 | D:3      | 1397 ||| Stepping ~*~*~tactically~*~*~ (stealth).
  1398 | D:3      | 1398 ||| Stepping ~*~*~tactically~*~*~ (hiding).
  1400 | D:3      | 1400 ||| Stepping ~*~*~tactically~*~*~ (hiding).
  1654 | D:3      | 1654 ||| Stepping ~*~*~tactically~*~*~ (stealth).
  1659 | D:3      | 1659 ||| Stepping ~*~*~tactically~*~*~ (stealth).
  1731 | D:3      | 1731 ||| Stepping ~*~*~tactically~*~*~ (stealth).
  1732 | D:3      | 1732 ||| Stepping ~*~*~tactically~*~*~ (stealth).
  1778 | D:3      | Identified the +0 ring mail of Hirhuch {Will+ Dex-4 Stlth+}
  2270 | D:3      | 2270 ||| Stepping ~*~*~tactically~*~*~ (stealth).
  2291 | D:3      | Found a basalt altar of Yredelemnul.
  2362 | D:3      | 2362 ||| DROPPING +0 ring mail of Hirhuch {Will+ Dex-4
                  | Stlth+}.
  2363 | D:3      | 2363 ||| READING scroll labelled GIRY NAISOWKIO.
  2364 | D:3      | 2364 ||| READING scroll labelled ETHROST MIESE.
  2365 | D:3      | 2365 ||| READING 2 scrolls labelled FOERRI LIMYUK.
  2369 | D:3      | 2369 ||| READING scroll labelled XOPIRE VETHRALL.
  2370 | D:3      | 2370 ||| READING scroll labelled TUMEIBUNKU.
  2370 | D:3      | Identified a scroll of acquirement
  2370 | D:3      | 2370 ||| ACQUIRING +1 pair of boots of rampaging
  2370 | D:3      | Acquired a +1 pair of boots of rampaging
  2372 | D:3      | 2372 ||| UPGRADING to +1 pair of boots of rampaging.
  2377 | D:3      | 2377 ||| DRINKING 3 metallic ruby potions.
  2378 | D:3      | 2378 ||| DRINKING 2 lumpy red potions.
  2428 | D:4      | 2428 ||| Stepping ~*~*~tactically~*~*~ (stealth).
  2510 | D:4      | Found a staircase to the Ecumenical Temple.
  2511 | D:4      | 2511 ||| PLANNING TEMPLE
  2513 | D:4      | 2513 ||| FLEEEEING.
  2514 | D:4      | 2514 ||| FLEEEEING.
  2518 | D:4      | 2518 ||| FLEEEEING.
  2519 | D:4      | 2519 ||| FLEEEEING.
  2520 | D:4      | 2520 ||| FLEEEEING.
  2521 | D:4      | 2521 ||| FLEEEEING.
  2522 | D:4      | 2522 ||| FLEEEEING.
  2525 | D:4      | 2525 ||| FLEEEEING.
  2526 | D:4      | 2526 ||| FLEEEEING.
  2527 | D:4      | 2527 ||| FLEEEEING.
  2528 | D:4      | 2528 ||| FLEEEEING.
  2529 | D:4      | 2529 ||| FLEEEEING.
  2530 | D:4      | 2530 ||| FLEEEEING.
  2531 | D:4      | 2531 ||| FLEEEEING.
  2532 | D:4      | 2532 ||| FLEEEEING.
  2533 | D:4      | 2533 ||| FLEEEEING.
  2536 | D:4      | 2536 ||| FLEEEEING.
  2537 | D:4      | 2537 ||| FLEEEEING.
  2538 | D:4      | 2538 ||| FLEEEEING.
  2539 | D:4      | 2539 ||| FLEEEEING.
  2540 | D:4      | 2540 ||| FLEEEEING.
  2541 | D:4      | 2541 ||| FLEEEEING.
  2542 | D:4      | 2542 ||| STAIRDANCE
  2588 | Temple   | Entered the Ecumenical Temple
  2735 | Temple   | 2735 ||| PLANNING D:1-11
  3071 | D:4      | Reached XP level 5. HP: 32/32 MP: 5/5
  3199 | D:4      | 3199 ||| Stepping ~*~*~tactically~*~*~ (stealth).
  3202 | D:4      | 3202 ||| Stepping ~*~*~tactically~*~*~ (stealth).
  3257 | D:4      | Found a runed translucent gate.
  3257 | D:4      | Found a runed translucent gate.
  3257 | D:4      | Found a runed translucent gate.
  3299 | D:4      | Noticed an ice beast
  3300 | D:4      | Noticed qw's ghost (amateur GrFi)
  3503 | D:4      | 3503 ||| READING scroll labelled TEGE ECASA.
  3504 | D:4      | 3504 ||| READING scroll labelled LEGIEK BEACEA.
  3505 | D:4      | 3505 ||| DRINKING 2 ruby potions.
  3506 | D:4      | 3506 ||| DROPPING potion of degeneration.
  3538 | D:4      | 3538 ||| STAIRDANCE
  3559 | D:5      | Entered Level 5 of the Dungeon
  3596 | D:5      | Found a glowing silver altar of Zin.
  3623 | D:5      | Noticed an ogre
  3624 | D:5      | 3624 ||| DRINKING 2 sedimented emerald potions.
  3625 | D:5      | 3625 ||| DROPPING potion of brilliance.
  3626 | D:5      | 3626 ||| READING scroll of teleportation.
  3629 | D:5      | Found an ornate altar of the Wu Jian Council.
  3686 | D:5      | 3686 ||| Stepping randomly (stuck).
  3687 | D:5      | 3687 ||| Stepping randomly (stuck).
  3689 | D:5      | 3689 ||| Stepping randomly (stuck).
  3690 | D:5      | 3690 ||| Stepping randomly (stuck).
  3691 | D:5      | 3691 ||| Stepping randomly (stuck).
  3692 | D:5      | 3692 ||| Stepping randomly (stuck).
  3693 | D:5      | 3693 ||| Stepping randomly (stuck).
  3694 | D:5      | 3694 ||| Stepping randomly (stuck).
  3695 | D:5      | 3695 ||| Stepping randomly (stuck).
  3696 | D:5      | 3696 ||| Stepping randomly (stuck).
  3697 | D:5      | 3697 ||| Stepping randomly (stuck).
  3701 | D:5      | HP: 8/32 [ogre/+0 giant club (8)]
  3702 | D:5      | Slain by an ogre

Levels and vault maps discovered:
D:1:      lemuel_arrival_funnel, layout_basic, shapermc_ecumenical_altar_venn,
          amcnicky_mini_rare_corridor_liquid,
          hangedman_abyss_or_decor_lesser_grid
D:2:      layout_rooms
D:3:      layout_loops_corners, nicolae_overflow_hidden_temple, uniq_ijyb
D:4:      layout_basic, minmay_temple_entry_large_hall, gammafunk_ghost_icy
D:5:      layout_loops_ring, amcnicky_altar_gilded,
          lemuel_coloured_pillars_altar, mainiacjoe_overflow_chevrons,
          nicolae_overflow_crystal_walls, grunt_ministairs_2, dk_vineyard_2
Temple:   hellmonk_temple_forest_ring

Skill      XL: |  1  2  3 |
---------------+----------+-----
Axes           | 2 3 4 |  4.7
Fighting       | |  3.2
Armour         | |  3.2
Shields        | |  3.2

Action                   |  1- 3 |  4- 6 || total
-------------------------+-------+-------++-------
Melee: War axe           |    82 |    73 ||   155
  Use: Potion            |     1 |     4 ||     5
       Scroll            |     3 |     8 ||    11
Armor: Scale mail        |    35 |       ||    35
       Chain mail        |     8 |    36 ||    44
Dodge: Dodged            |    39 |    18 ||    57
Block: Buckler           |    10 |     6 ||    16

Table legend:
 A = Non-vault XP
 B = Vault XP
 C = Vault XP percentage of total XP
 D = Non-vault monster count
 E = Vault monster count
 F = Vault count percentage of total count
                 A         B        C        D         E       F
            +---------+---------+-------+---------+---------+-------
      Total |     149 |      36 |  19.5 |      58 |       1 |   1.7
            +---------+---------+-------+---------+---------+-------
        D:1 |      22 |       0 |   0.0 |      14 |       0 |   0.0
        D:2 |      46 |       0 |   0.0 |      14 |       0 |   0.0
        D:3 |      41 |      36 |  46.8 |      16 |       1 |   5.9
        D:4 |      40 |       0 |   0.0 |      14 |       0 |   0.0
            +---------+---------+-------+---------+---------+-------
